Map: Gresvan LE

Players

eteRLem - Winner!

  • Race: Protoss Protoss
  • Spawn Location: 5:00

VOD

Have the link to the VOD?

Description

Time

  • Played on: Aug. 12, 2023, 3:01 p.m.
  • Length: 17:32
Show
View Real Time Build Order
Export as new Build Order

eteRLem Protoss - Winner!

Build Orders:  

Get SALT Encoding   

  12  0:03  Probe (Chrono Boost)  
  13  0:19  Pylon  
  13  0:25  Probe (Chrono Boost)  
  14  0:42  Probe (Chrono Boost)  
  14  0:49  Gateway  
  15  0:59  Probe (Chrono Boost)  
  16  1:12  Assimilator  
  17  1:20  Probe (Chrono Boost)  
  18  1:41  Probe (Chrono Boost)  
  18  1:58  Probe (Chrono Boost)  
  19  2:00  Nexus  
  19  2:16  Cybernetics Core, Probe (Chrono Boost)  
  20  2:29  Assimilator  
  20  2:43  Probe (Chrono Boost)  
  21  2:53  Pylon  
  22  3:00  Probe (Chrono Boost)  
  22  3:05  Stalker (Chrono Boost)  
  22  3:15  Probe (Chrono Boost)  
  25  3:44  Probe  
  25  3:46  Stalker  
  28  4:01  Probe  
  29  4:10  Probe  
  29  4:18  Probe  
  31  4:27  Robotics Facility, Probe  
  31  4:28  Stalker  
  34  4:36  Warp Gate (Chrono Boost)  
  34  4:49  Gateway x2  
  34  4:53  Probe  
  34  4:55  Probe  
  36  5:10  Probe  
  36  5:12  Probe  
  38  5:21  Pylon  
  38  5:41  Observer  
  39  5:55  Pylon  
  39  5:56  Probe x2  
  41  6:09  Immortal (Chrono Boost)  
  41  6:13  Probe x2  
  47  6:26  Stalker x3  
  53  6:30  Probe x2  
  55  6:47  Probe x2  
  55  6:49  Assimilator  
  58  7:03  Observer (Chrono Boost)  
  58  7:04  Probe  
  59  7:18  Twilight Council  
  59  7:27  Assimilator  
  59  7:42  Pylon  
  59  7:54  Gateway x2  
  59  7:58  Gateway  
  59  7:59  Gateway  
  59  8:03  Gateway x2  
  59  8:05  Gateway  
  59  8:06  Probe x2  
  61  8:59  Observer  
  61  9:03  Observer  
  61  9:53  Immortal (Chrono Boost)  
  65  10:02  Zealot x2  
  69  10:19  Pylon  
  69  10:21  Pylon  
  69  10:23  Pylon  
  69  10:26  Pylon  
  69  10:27  Pylon  
  69  10:30  Pylon  
  69  10:33  Pylon  
  69  10:36  Pylon  
  69  10:39  Pylon  
  73  10:50  Charge  
  73  10:51  Shield Battery  
  73  10:52  Immortal (Chrono Boost)  
  73  10:58  Pylon  
  73  11:04  Zealot  
  73  11:05  Zealot x6  
  73  11:06  Zealot x3  
  93  11:25  Observer  
  93  11:26  Templar Archives  
  93  11:29  Forge  
  93  11:31  Forge  
  93  11:46  Zealot x6  
  93  11:47  Zealot x3  
  115  12:11  Immortal (Chrono Boost)  
  115  12:31  High Templar x4  
  115  12:32  High Templar x6  
  115  12:37  Archon  
  115  12:38  Archon x4  
  135  12:49  Warp Prism (Chrono Boost)  
  137  13:16  Protoss Ground Armor Level 1 (Chrono Boost), Protoss Ground Weapons Level 1 (Chrono Boost)  
  137  13:24  Assimilator  
  137  13:25  Zealot, Nexus  
  137  13:27  Zealot  
  141  13:30  Assimilator, High Templar x4  
  141  13:39  Archon x2  
  114  15:21  Probe  
  114  15:26  Probe x2  
  117  15:38  Probe  
  118  15:42  Zealot x7  
  118  15:43  Zealot x3, Probe x2  
  136  15:55  Probe  
  133  16:00  Probe x2  
  135  16:12  Probe  
  135  16:16  Zealot x6  
  135  16:17  Zealot x4, Probe x2  
  158  16:29  Probe  
  159  16:34  Probe x2  
  161  16:50  High Templar x2  
Tags
 
Matchup
Co-op
Add a new tag
Caveats
  • Supply blocks, unpowered buildings, or Contaminate may cause inaccurate times.
  • Supply counts are checked every 10 seconds.